 Dungeon Crawl Stone Soup version 0.18.1-5-g4a78601 (webtiles) character file.

4587 dcss12345 the Cleaver (level 10, -10/94 HPs)
             Began as a Hill Orc Berserker on May 14, 2016.
             Was an Elder of Trog.
             Killed from afar by Northaan's ghost (12 damage)
             ... with a stone arrow
             ... on level 8 of the Dungeon.
             The game lasted 00:40:10 (11889 turns).

dcss12345 the Cleaver (Hill Orc Berserker)         Turns: 11889, Time: 00:40:11

Health: -10/94     AC: 18    Str: 30    XL:     10   Next: 41%
Magic:  10/10      EV: 11    Int:  7    God:    Trog [****..]
Gold:   150        SH:  0    Dex: 10    Spells: 0 memorised, 9 levels left

rFire  . . .     SeeInvis .     D - +0 broad axe
rCold  + . .     Gourm    .     A - +5 scale mail "Poujazis" {rC+ Str+6}
rNeg   . . .     Faith    .     (no shield)
rPois  .         Spirit   .     P - +0 helmet
rElec  .         Dismiss  .     (no cloak)
rCorr  .         Reflect  .     (no gloves)
SustAt .         Harm     .     H - +0 pair of boots
MR     .....                    (no amulet)
Stlth  +.........               (no ring)
                                i - ring of stealth

@: exhausted, slowed, very slow, not resistant to hostile enchantments, very
unstealthy
A: slimy green scales 1
a: Berserk, Trog's Hand, Brothers in Arms, Burn Spellbooks, Renounce Religion


You were on level 8 of the Dungeon.
You worshipped Trog.
Trog was greatly pleased with you.
You were not hungry.

You visited 1 branch of the dungeon, and saw 8 of its levels.

You collected 514 gold pieces.
You spent 364 gold pieces at shops.

Inventory:

Hand Weapons
 a - a +0 hand axe
 p - a +0 war axe
 D - a +0 broad axe (weapon)
 M - a +1 hand axe
Armour
 b - a +0 animal skin
 r - the +4 ring mail of Virtue {rF+ Str+6}
   (You bought it in a shop on level 6 of the Dungeon)

   It affects your strength (+6).
   It protects you from fire.
 y - a +0 robe of magic resistance
 A - the +5 scale mail "Poujazis" (worn) {rC+ Str+6}
   (You found it on level 4 of the Dungeon)

   It affects your strength (+6).
   It protects you from cold.
 G - a fire dragon hide
 H - a +0 pair of boots (worn)
 P - a +0 helmet (worn)
Jewellery
 d - an uncursed ring of magical power
 e - an uncursed ring of wizardry
 i - a ring of stealth (left hand)
Wands
 F - a wand of paralysis (12/24)
 Q - a wand of flame (30/48)
Scrolls
 j - a scroll of fog {unknown}
 k - a scroll of blinking
 o - a scroll of immolation
 q - 2 scrolls of amnesia
 v - a scroll of vulnerability {unknown}
 w - a scroll of magic mapping
 C - a scroll of teleportation
 I - a scroll of remove curse
 K - 2 scrolls of identify
 L - a scroll of enchant weapon {unknown}
Potions
 h - 2 potions of might
 l - 3 potions of agility
 n - a potion of flight {unknown}
 t - a potion of cure mutation {unknown}
 u - 3 potions of curing
 x - a potion of lignification {unknown}
 z - a potion of berserk rage {unknown}
 B - a potion of resistance
 J - 2 potions of haste
Books
 f - a book of Unlife

   Spells                             Type                      Level
   a - Recall                         Summoning/Translocation      3
   b - Animate Dead                   Necromancy                   4
   c - Control Undead                 Necromancy                   4
   d - Cigotuvi's Embrace             Necromancy                   5
   e - Death Channel                  Necromancy                   6
   f - Simulacrum                     Ice/Necromancy               6
   Trog disapproves of the use of such an item.
 g - a book of Summonings

   Spells                             Type                      Level
   a - Recall                         Summoning/Translocation      3
   b - Aura of Abjuration             Summoning                    5
   c - Summon Demon                   Summoning                    5
   d - Summon Forest                  Summoning/Translocation      5
   e - Summon Mana Viper              Hexes/Summoning              5
   f - Shadow Creatures               Summoning                    6
   Trog disapproves of the use of such an item.
 E - a book of the Tempests

   Spells                             Type                      Level
   a - Static Discharge               Conjuration/Air              3
   b - Lightning Bolt                 Conjuration/Air              5
   c - Fireball                       Conjuration/Fire             5
   d - Tornado                        Air                          9
   e - Shatter                        Earth                        9
   Trog disapproves of the use of such an item.
 R - a book of the Tempests

   Spells                             Type                      Level
   a - Static Discharge               Conjuration/Air              3
   b - Lightning Bolt                 Conjuration/Air              5
   c - Fireball                       Conjuration/Fire             5
   d - Tornado                        Air                          9
   e - Shatter                        Earth                        9
   Trog disapproves of the use of such an item.
Comestibles
 c - 6 bread rations
 m - 4 meat rations
 s - 10 slices of pizza
 N - 2 chunks of flesh
 O - 2 beef jerkies


   Skills:
 + Level 10.8 Fighting
 + Level 11.8 Axes
 + Level 9.7 Armour
 - Level 1.6 Dodging


You had 9 spell levels left.
You didn't know any spells.

Dungeon Overview and Level Annotations

Branches:
Dungeon (8/15)             Temple (0/1) D:5
   Lair: D:8-11

Altars:
Dithmenos
Kikubaaqudgha
Pakellas
Qazlal
Sif Muna
Zin

Shops:
D:6 [[=   D:8 [

Annotations:
D:8 Northaan's ghost, novice GrEE


Innate Abilities, Weirdness & Mutations

You are partially covered in slimy green scales (AC +2).


Message History

* * * LOW HITPOINT WARNING * * *
You barely miss Northaan's ghost.
Northaan's ghost is severely damaged.
Northaan's ghost hits you but does no damage. x2
You hit Northaan's ghost but do no damage.
Northaan's ghost is severely damaged.
Northaan's ghost points at you and mumbles some strange words.
The stone arrow hits you!
* * * LOW HITPOINT WARNING * * *
You hit Northaan's ghost but do no damage.
Northaan's ghost is severely damaged.
Northaan's ghost wails, "I was like you once."
Northaan's ghost gestures at you while chanting.
The rocky blast hits you!
Northaan's ghost hits you but does no damage.
You slice Northaan's ghost!!
Northaan's ghost is almost destroyed.
Northaan's ghost gestures at you while chanting.
The stone arrow hits you!
You die...

...:.....# #...............
.........# #...............
..........# #...............
..........#####..)............
..............................
#...........####..............
#........##..# ##...........##
...(...H..##.#####...##.#####.
..........##W@..#..####.# #.
......:...#####.#.## #.# #.
..........# #...#####..# #.
..........# ##.........# #..
#........## ##.#####...##.#
##......## ####.# .....
######## #....# #.... #####
#<###########..## ##...###.#
#........##


You could see Northaan's ghost.

Vanquished Creatures
  A yak (D:7)
  A human (D:7)
  A hippogriff (D:8)
  2 orc warriors
  2 sky beasts
  An ice beast (D:6)
  2 phantoms
  An eye of draining (D:7)
  3 ogres
  2 centaurs (D:7)
  A crocodile (D:8)
  5 giant frogs
  A gnoll sergeant (D:6)
  7 scorpions
  3 electric eels (D:7)
  3 wights (D:7)
  5 howler monkeys
  2 centaur zombies
  5 crimson imps
  A giant frog zombie (D:8)
  6 hounds
  2 jellies
  A quasit (D:6)
  10 orc priests
  2 giant frog skeletons (D:6)
  A gnoll shaman (D:7)
  8 orc wizards
  A centaur skeleton (D:4)
  3 iguanas
  2 worker ants (D:5)
  3 sheep (D:7)
  A worker ant zombie (D:5)
  16 adders
  15 gnolls
  2 shadow imps
  An ooze (D:2)
  A worm (D:7)
  A dart slug (D:2)
  7 giant geckos
  25 orcs
  A ball python (D:1)
  5 giant cockroaches
  6 goblins
  8 hobgoblins
  2 jackals (D:4)
  3 quokkas
  13 bats
  A giant newt (D:1)
  A jackal zombie (D:5)
  5 kobolds
  9 rats
  2 fungi (D:4)
  2 plants (D:5)
215 creatures vanquished.

Vanquished Creatures (others)
  13 fungi (D:5)
13 creatures vanquished.

Grand Total: 228 creatures vanquished

Notes
Turn   | Place    | Note
--------------------------------------------------------------
     0 | D:1      | dcss12345 the Hill Orc Berserker began the quest for the Orb.
     0 | D:1      | Reached XP level 1. HP: 19/19 MP: 1/1
   176 | D:1      | Reached XP level 2. HP: 22/27 MP: 2/2
   982 | D:1      | Found a shadowy altar of Dithmenos.
  1138 | D:2      | Reached ** piety under Trog
  1138 | D:2      | Reached XP level 3. HP: 28/33 MP: 3/3
  1890 | D:2      | Found a glowing silver altar of Zin.
  1956 | D:2      | Reached XP level 4. HP: 39/40 MP: 4/4
  2243 | D:2      | Reached skill level 5 in Axes
  2455 | D:2      | Found an ancient bone altar of Kikubaaqudgha.
  2816 | D:3      | Found an oddly glowing altar of Pakellas.
  3947 | D:4      | Reached XP level 5. HP: 47/47 MP: 5/5
  4036 | D:4      | Reached skill level 5 in Fighting
  4317 | D:4      | Reached skill level 6 in Axes
  4317 | D:4      | Reached XP level 6. HP: 39/56 MP: 6/6
  4318 | D:4      | Found a stormy altar of Qazlal.
  4525 | D:4      | Got an encrusted scale mail
  4536 | D:4      | Identified the +5 scale mail "Poujazis" {rC+ Str+6} (You found it on level 4 of the Dungeon)
  4878 | D:5      | Entered Level 5 of the Dungeon
  5325 | D:5      | Reached XP level 7. HP: 62/62 MP: 7/7
  5340 | D:5      | Reached skill level 5 in Armour
  5517 | D:5      | Found a staircase to the Ecumenical Temple.
  5566 | D:5      | Reached skill level 7 in Axes
  5581 | D:5      | Reached *** piety under Trog
  6464 | D:5      | Reached XP level 8. HP: 58/71 MP: 8/8
  6469 | D:5      | Reached skill level 8 in Axes
  6798 | D:5      | Gained mutation: You are partially covered in slimy green scales (AC +2). [mutagenic meat]
  7184 | D:6      | Reached skill level 9 in Axes
  7235 | D:6      | Reached **** piety under Trog
  7291 | D:6      | Found Seesofe's Antique Armour Boutique.
  7295 | D:6      | Bought a crude ring mail for 243 gold pieces
  7297 | D:6      | Bought a pair of boots for 121 gold pieces
  7298 | D:6      | Identified the +4 ring mail of Virtue {rF+ Str+6} (You bought it in a shop on level 6 of the Dungeon)
  7371 | D:6      | Found a deep blue altar of Sif Muna.
  7481 | D:6      | Reached XP level 9. HP: 82/82 MP: 9/9
  7857 | D:6      | Found Kicuw's Armour Emporium.
  7863 | D:6      | Found Arhoomm's Jewellery Shop.
  8827 | D:7      | Reached skill level 10 in Axes
  9003 | D:6      | HP: 4/83 [something (2)]
  9384 | D:7      | Found a shadowy altar of Dithmenos.
  9986 | D:7      | Reached skill level 10 in Fighting
  9990 | D:7      | Reached skill level 11 in Axes
 10012 | D:7      | Reached XP level 10. HP: 75/93 MP: 10/10
 10223 | D:7      | HP: 4/93 [electric eel/bolt of electricity (9)]
 11650 | D:8      | Found Fayst's Antique Armour Shop.
 11841 | D:8      | Noticed Northaan's ghost (novice GrEE)
 11887 | D:8      | HP: 1/94 [Northaan's ghost/stone arrow (25)]
 11889 | D:8      | Killed from afar by Northaan's ghost

Skill      XL: |  1  2  3  4  5  6  7  8  9 |
---------------+----------------------------+-----
Armour         | 3 4 6 7 9 |  9.7
Fighting       | 4 5 6 8 10 | 10.8
Axes           | 5 6 7 9 11 | 11.8
Dodging        | |  1.6

Action                   |  1- 3 |  4- 6 |  7- 9 | 10-12 || total
-------------------------+-------+-------+-------+-------++-------
Melee: Hand axe          |    85 |       |       |       ||    85
       War axe           |    31 |   164 |   218 |       ||   413
       Broad axe         |       |       |   283 |   120 ||   403
Invok: Berserk           |     3 |       |     6 |     2 ||    11
  Use: Scroll            |       |     9 |     7 |     1 ||    17
       Potion            |       |     5 |       |       ||     5
 Stab: Sleeping          |     1 |     2 |       |       ||     3
  Eat: Chunk             |     5 |    10 |     5 |     1 ||    21
       Fruit             |       |     2 |     2 |       ||     4
       Bread ration      |       |       |     2 |       ||     2
       Meat ration       |       |       |     2 |     1 ||     3
Armor: Animal skin       |    21 |    23 |       |       ||    44
       Scale mail        |       |    25 |   394 |    46 ||   465
Dodge: Dodged            |    78 |    93 |   309 |    40 ||   520
